 Dungeon Crawl Stone Soup version 0.23-a0-419-g0174fd8 (console) character file.

242 bli the Insei (level 6, 0/39 HPs)
             Began as an Octopode Transmuter on Nov 11, 2018.
             Was an Initiate of Ru.
             Slain by Grinder (4 damage)
             ... on level 3 of the Dungeon.
             The game lasted 00:12:15 (3334 turns).

bli the Insei (Octopode Transmuter)                 Turns: 3334, Time: 00:12:15

Health: 0/39       AC:  1    Str: 11    XL:     6   Next: 9%
Magic:  8/9        EV: 14    Int: 15    God:    Ru [......]
Gold:   104        SH:  0    Dex: 13    Spells: 8/9 levels left

rFire    . . .     SeeInvis .     - Unarmed
rCold    . . .     Gourm    .   (no shield)
rNeg     . . .     Faith    .   (helmet restricted)
rPois    .         Spirit   .   s - amulet of the acrobat
rElec    .         Reflect  .   l - ring of flight (curse)
rCorr    .         Harm     .   (no ring)
MR       .....                  (no ring)
Stlth    ++........             (no ring)
HPRegen  0.13/turn              (no ring)
MPRegen  0.11/turn              (no ring)
                                (no ring)
                                (no ring)

@: appendage
A: almost no armour, stealthy swim, amphibious, 8 rings, constrict 8, tentacle
spike 3, camouflage 1, gelatinous body 1
a: End Transformation, Renounce Religion, Evoke Flight


You were on level 3 of the Dungeon.
You worshipped Ru.
Ru was noncommittal.
You were not hungry.
One of your tentacles had a temporary spike.
You visited 1 branch of the dungeon, and saw 3 of its levels.

You collected 104 gold pieces.

Inventory:

Hand Weapons
 b - a +0 hunting sling
 r - a +1 dagger of venom
 w - a +0 falchion of holy wrath
Missiles
 a - 70 arrows
 e - 22 sling bullets
 g - 124 stones (quivered)
 j - 16 poisoned needles
Jewellery
 f - an uncursed amulet of harm
 l - a cursed ring of flight (left tentacle)
 s - an amulet of the acrobat (around mantle)
 y - an uncursed amulet of the gourmand {unknown}
Wands
 q - a wand of acid (8)
 u - a wand of iceblast (10)
 x - a wand of enslavement (6)
Scrolls
 h - 5 scrolls of identify {unknown}
 n - a scroll of blinking {unknown}
 o - a scroll of teleportation {unknown}
 p - 3 scrolls of enchant armour {unknown}
 v - a scroll of enchant weapon {unknown}
Potions
 i - 2 potions of curing
 k - a potion of invisibility {unknown}
 m - a potion of mutation {unknown}
 t - a potion of flight {unknown}
Comestibles
 c - 7 rations
 d - 8 chunks of flesh


   Skills:
 + Level 2.0 Fighting
 * Level 3.0 Dodging
 + Level 5.8 Unarmed Combat
 - Level 2.0 Spellcasting
 - Level 2.0 Transmutations


You had 8 spell levels left.
You knew the following spells:

 Your Spells              Type           Power        Failure   Level  Hunger
a - Beastly Appendage     Tmut           #.....       10%         1    #......

Your spell library contained the following spells:

 Spells                   Type           Power        Failure   Level  Hunger
 Sticks to Snakes         Tmut           #.......     14%         2    ###....
 Animate Skeleton         Necr           N/A          22%         1    #......
 Apportation              Tloc           #.....       22%         1    #......
 Confusing Touch          Hex            #.....       22%         1    #......
 Summon Small Mammal      Summ           #...         22%         1    #......
 Spider Form              Tmut/Pois      #.........   41%         3    ###....
 Ice Form                 Ice/Tmut       #.......     82%         4    #####..
 Blade Hands              Tmut           #.........   95%         5    ######.


Dungeon Overview and Level Annotations

Branches:
Dungeon (3/15)

Altars:
Nemelex Xobeh
Ru

Annotations:
D:3 Grinder


Innate Abilities, Weirdness & Mutations

You cannot wear most types of armour.
You are very stealthy in the water. (Stealth+)
You are amphibious.
You can wear up to eight rings at the same time.
You can use your tentacles to constrict eight enemies at once.
Your skin changes colour to match your surroundings (Stealth+).
Your rubbery body absorbs attacks. (AC +1, EV +1)
One of your tentacles bears a large vicious spike.


Message History

You completely miss Grinder. You grab Grinder. You constrict Grinder.
Grinder struggles to blink free from constriction.
You tentacle-slap Grinder but do no damage.
You pierce Grinder.
Grinder is lightly wounded.
You constrict Grinder. Grinder hits you!
You writhe in agony.
You tentacle-slap Grinder.
Grinder is moderately wounded.
You constrict Grinder. Grinder hits you!
You writhe in agony.
You barely miss Grinder.
You pierce Grinder.
You squeeze Grinder.
Grinder is heavily wounded.
You constrict Grinder.
Grinder says, "Don't move a muscle."
Grinder gestures at you. Pain shoots through your body!
* * * LOW HITPOINT WARNING * * *
You tentacle-slap Grinder.
Your tentacle spike misses Grinder.
You squeeze Grinder is almost dead. You constrict Grinder. Grinder hits you.
You die...

#...# #.........# #############.#
#.........# #.#
###############†###############.#
.....#...#### #...............#.#
.....÷......# #...............#.#
.....#....#.# #.............).'.#
.....#......# #...............###
÷)...#...#..# #...............#
.....#...#..# #...............#
.....#...##.# #.†5............#
.....#...##.###.@.......).....#
######...##..##...............#
#...##....()%............#
#...###.##...............# #...#
#.##...............# #...#
#..#...............# #####
##.#...............#
.#...............#
...###+########### ..#


You could see Grinder.

Vanquished Creatures
  An orc priest (D:3)
  An orc wizard (D:3)
  Terence (D:2)
  7 adders
  An ooze (D:1)
  2 worms (D:3)
  A dart slug (D:1)
  3 leopard geckos
  4 orcs (D:3)
  5 giant cockroaches
  10 goblins
  11 hobgoblins
  6 jackals
  7 kobolds
  A quokka (D:3)
  7 bats
  4 frilled lizards
  7 rats
79 creatures vanquished.

Notes
Turn   | Place    | Note
-------+----------+-------------------------------------------
     0 | D:1      | bli the Octopode Transmuter began the quest for the Orb.
     0 | D:1      | Reached XP level 1. HP: 13/13 MP: 3/3
   583 | D:1      | Reached XP level 2. HP: 18/18 MP: 3/5
   961 | D:1      | Reached XP level 3. HP: 22/24 MP: 6/6
   967 | D:1      | Found a sparkling altar of Nemelex Xobeh.
  1380 | D:2      | Noticed Terence
  1390 | D:2      | Killed Terence
  1390 | D:2      | Reached skill level 4 in Unarmed Combat
  1597 | D:2      | Reached XP level 4. HP: 9/29 MP: 5/7
  2350 | D:2      | Found a sacrificial altar of Ru.
  2378 | D:2      | Became a worshipper of Ru the Awakened
  2478 | D:3      | Reached XP level 5. HP: 22/34 MP: 6/8
  2480 | D:3      | Reached skill level 5 in Unarmed Combat
  3016 | D:3      | Noticed Grinder
  3257 | D:3      | Reached XP level 6. HP: 34/39 MP: 9/9
  3334 | D:3      | Slain by Grinder

Vault maps used:
D:1:      onia_arrival_pentagram, nemelex_altar_shiori
D:2:      nicolae_ru_awakened_eye, uniq_terence
D:3:      led_sif_book, uniq_grinder, uniq_jessica

Skill      XL: |  1  2  3  4  5  6 |
---------------+-------------------+-----
Fighting       | 2 |  2.0
Unarmed Combat | 4 5 |  5.8
Dodging        | 3 |  3.0
Spellcasting   | |  2.0
Transmutations | |  2.0

Action                   |  1- 3 |  4- 6 || total
-------------------------+-------+-------++-------
Melee: Unarmed           |    68 |   127 ||   195
       Constrict         |    11 |    41 ||    52
       Kick              |     9 |    22 ||    31
       Tentacles         |     7 |    17 ||    24
       Punch             |     1 |     1 ||     2
Throw: Stone             |     6 |     4 ||    10
 Cast: Beastly Appendage |    10 |    17 ||    27
 Stab: Sleeping          |     4 |     7 ||    11
  Eat: Chunk             |     2 |     7 ||     9
Armor: Skin              |     3 |     2 ||     5
Dodge: Dodged            |    41 |    69 ||   110

Table legend:
 A = Non-vault XP
 B = Vault XP
 C = Vault XP percentage of total XP
 D = Non-vault monster count
 E = Vault monster count
 F = Vault count percentage of total count
                 A         B        C        D         E       F
            +---------+---------+-------+---------+---------+-------
      Total |     314 |      32 |   9.2 |      78 |       1 |   1.3
            +---------+---------+-------+---------+---------+-------
        D:1 |      34 |       0 |   0.0 |      16 |       0 |   0.0
        D:2 |      71 |      32 |  31.1 |      29 |       1 |   3.3
        D:3 |     209 |       0 |   0.0 |      33 |       0 |   0.0
            +---------+---------+-------+---------+---------+-------
